 Dungeon Crawl Stone Soup version 0.20-a0-449-g96be121 (webtiles) character file.

19 Amnesiac the Magician (level 2, -6/19 HPs)
             Began as a Mummy Enchanter on Jan 8, 2017.
             Was an Initiate of Gozag.
             Mangled by a worm (7 damage)
             ... on level 1 of the Dungeon.
             The game lasted 00:02:25 (1390 turns).

Amnesiac the Magician (Mummy Enchanter)             Turns: 1390, Time: 00:02:25

Health: -6/19      AC:  3    Str: 11    XL:     2   Next: 55%
Magic:  1/2        EV: 12    Int: 14    God:    Gozag
Gold:   77         SH:  0    Dex: 12    Spells: 6/7 levels left

rFire  x . .     SeeInvis .     e - +2 hand axe (antimagic)
rCold  + . .     Gourm    .     g - +0 robe
rNeg   + + +     Faith    .     (no shield)
rPois  ∞         Spirit   .     (no helmet)
rElec  .         Reflect  .     (no cloak)
rCorr  .         Harm     .     i - +0 pair of gloves
MR     .....                    (no boots)
Stlth  ++........               (no amulet)
                                (no ring)
                                (no ring)

@: no status effects
A: no food or potions, fire vulnerability, cold resistance 1, negative energy
resistance 3, torment resistance, unbreathing
a: Potion Petition, Call Merchant, Bribe Branch, Renounce Religion


You were on level 1 of the Dungeon.
You worshipped Gozag.
Gozag was noncommittal.
You were not hungry.

You visited 1 branch of the dungeon, and saw 3 of its levels.

You collected 140 gold pieces.
You paid 63 gold pieces to Gozag.

Inventory:

Hand Weapons
 a - a +1 dagger
 e - a +2 antimagic hand axe (weapon)
Armour
 g - a +0 robe (worn)
 h - a cursed +0 ring mail
 i - a +0 pair of gloves (worn)
Scrolls
 b - a scroll of teleportation
 f - a scroll of identify {unknown}
 j - a scroll of enchant weapon {unknown}
Books
 c - a book of Maledictions

   Spells                             Type                      Level
   a - Corona                         Hexes                        1
   b - Ensorcelled Hibernation        Hexes/Ice                    2
   c - Confuse                        Hexes                        3
   d - Tukima's Dance                 Hexes                        3
   e - Dazzling Spray                 Conjuration/Hexes            3


   Skills:
 - Level 1.0 Short Blades
 - Level 1.5 Dodging
 - Level 2.4 Stealth
 + Level 3.2 Spellcasting
 * Level 3.1 Hexes


You had 6 spell levels left.
You knew the following spells:

 Your Spells              Type           Power        Failure   Level  Hunger
f - Corona                Hex            ##.....      6%          1    N/A

Dungeon Overview and Level Annotations

Branches:
Dungeon (3/15)

Altars:
Gozag


Innate Abilities, Weirdness & Mutations

You do not eat or drink.
Your flesh is vulnerable to fire.
You are immune to poison.
Your flesh is cold resistant. (rC+)
You are immune to negative energy. (rN+++)
You are immune to unholy pain and torment.
You can survive without breathing.


Message History

Aiming: Corona
Press: ? - help, Shift-Dir - straight line, f/p - worm
Aim: a worm (moderately wounded, chance to defeat MR: 55%)
The worm is outlined in light.
The worm barely misses you.
You hit the worm.
The worm is heavily wounded.
The worm misses you.
You slash the worm!
The worm is almost dead.
The worm bites you!
Ouch! That really hurt!
* * * LOW HITPOINT WARNING * * *
You hit the worm.
The worm is almost dead.
You hit the worm.
The worm is almost dead.
The worm bites you!
You die...
Your body crumbles into a pile of gold.

## #>........#######.##### ## #
##..........# #.....# # #
#.##.#.....# #####.# # ##
#.##.......# #.# ## .##
#.>........# #.# ##.
..######.#.....# ##.# ##..
...####.#.##.### ##..## ##...
....##.###>..#########....###....
....'...#......w@...........'....
....####...###########....###....
...## #..## ##.### ##... ..##
#.## #.# ##.. .## #.# #.# ##. ##
#.# #.# ## # #.# #.# # # #.# #.#
# ## #.# #.#########


You could see a worm.

Vanquished Creatures
  A ball python (D:1)
  4 bats (D:1)
  2 giant cockroaches (D:1)
  4 goblins (D:1)
  A hobgoblin (D:1)
  3 kobolds (D:1)
  A rat (D:1)
16 creatures vanquished.

Notes
Turn   | Place    | Note
-------+----------+-------------------------------------------
     0 | D:1      | Amnesiac the Mummy Enchanter began the quest for the Orb.
     0 | D:1      | Reached XP level 1. HP: 13/13 MP: 4/4
     8 | D:1      | Reached skill level 1 in Short Blades
   603 | D:3      | Found an opulent altar of Gozag.
   618 | D:3      | Became a worshipper of Gozag Ym Sagoz the Greedy
   667 | D:1      | Reached XP level 2. HP: 18/19 MP: 2/6
  1390 | D:1      | Mangled by a worm

Vault maps used:
D:1:      scummos_arrival_simple_fountains
D:2:      kennysheep_goblin_castle, lemuel_round_altar, serial_bayou_crossing
D:3:      nicolae_gozag_cash_rules_everything_around_me, uniq_sigmund

Skill      XL: |  1 |
---------------+----+-----
Short Blades   | 1 |  1.0
Spellcasting   | 3 |  3.2
Hexes          | 3 |  3.1
Dodging        | |  1.5
Stealth        | |  2.4

Action                   || total
-------------------------++-------
Melee: Dagger            ||    20
       Hand axe          ||    39
 Cast: Corona            ||    14
  Use: Scroll            ||     2
 Stab: Sleeping          ||     2
Armor: Robe              ||    16
Dodge: Dodged            ||    55
